 Seeded DCSS version 0.28-a0-1555-g9ae15a6949 (webtiles) character file.

Game seed: 5 (custom seed)

9 knot the Skirmisher (level 2, 15/24 HPs)
             Began as a Demonspawn Berserker on Jan 19, 2022.
             Was a Follower of Trog.
             Quit the game on level 1 of the Dungeon.
             The game lasted 00:00:07 (213 turns).

knot the Skirmisher (Demonspawn Berserker)           Turns: 213, Time: 00:00:08

Health: 15/24      AC:  3    Str: 17    XL:     2   Next: 3%
Magic:  2/2        EV: 12    Int:  8    God:    Trog [*.....]
Gold:   0          SH:  0    Dex: 12    Spells: 1/1 levels left

rFire   . . .      SeeInvis .   a - +0 hand axe
rCold   . . .      Faith    .   (no shield)
rNeg    . . .      Spirit   .   b - +0 animal skin
rPois   .          Reflect  .   (no helmet)
rElec   .          Harm     .   (no cloak)
rCorr   .          Rampage  .   (no gloves)
Will    .....                   (no boots)
Stlth   +.........              (no amulet)
HPRegen 0.08/turn               (no ring)
MPRegen 0.08/turn               (no ring)

@: no status effects
A: rugged brown scales 1
a: Renounce Religion, Berserk


You were on level 1 of the Dungeon.
You worshipped Trog.
Trog was aware of your devotion.
You visited 1 branch of the dungeon, and saw 1 of its levels.

Inventory:

Hand Weapons
 a - a +0 hand axe (weapon)
Missiles
 d - 19 bolts
Armour
 b - a +0 animal skin (worn)
Jewellery
 c - a ring of fire


   Skills:
 + Level 3.1 Fighting
 + Level 2.8 Axes
 + Level 2.0 Armour
 + Level 2.0 Dodging


You had one spell level left.
You didn't know any spells.
Your spell library was empty.

Dungeon Overview and Level Annotations

Branches:
Dungeon (1/15)

Altars:


Innate Abilities, Weirdness & Mutations

You are partially covered in rugged brown scales. (AC +1, +3% HP)


Message History

No target in view!
No target in view!
No target in view!
No target in view!
No target in view!
There is a shaft here.
A bat and a goblin come into view.
There are monsters nearby!
A giant cockroach comes into view.
The bat misses you.
You closely miss the goblin. The goblin completely misses you.
You hit the goblin.
The goblin is severely wounded.
The goblin hits you with a +0 club.
You barely miss the goblin.
The goblin is heavily wounded.
The goblin misses you.
You slash the goblin!
You kill the goblin!
Trog accepts your kill. The bat completely misses you.
Your Armour skill increases to level 2!
Your Dodging skill increases to level 2!
Found a scale mail and 21 arrows.
The bat misses you. The giant cockroach misses you.
Things that are here:
a +0 club; a goblin corpse You closely miss the giant cockroach.
The bat misses you. The giant cockroach closely misses you.
The giant cockroach bites you but does no damage.
You barely miss the giant cockroach. The bat misses you.
The giant cockroach bites you.
You slash the giant cockroach!
You kill the giant cockroach!
Trog accepts your kill. The bat hits you but does no damage.
You have reached level 2!
Your demonic ancestry asserts itself...
Rugged brown scales grow over part of your body.
Are you sure you want to abandon this character and quit the game? (Confirm with "yes".)

.# .# .# .#
.# .#
#####.####..
#...@†......
#.###.......
#.# [..##..
#.# b..# #.#
...# #.#
..(# #.#
...# #.#
...# #.#


You could see a bat.

Vanquished Creatures
  2 giant cockroaches (D:1)
  A hobgoblin (D:1)
  A quokka (D:1)
  A frilled lizard (D:1)
  2 goblins (D:1)
  A rat (D:1)
8 creatures vanquished.

Notes
Turn   | Place    | Note
-------+----------+-------------------------------------------
     0 | D:1      | knot the Demonspawn Berserker began the quest for the Orb.
     0 | D:1      | Reached XP level 1. HP: 18/18 MP: 1/1
   213 | D:1      | Gained mutation: You are partially covered in rugged brown
                  | scales. (AC +1, +3% HP) [demonic ancestry]
   213 | D:1      | Reached XP level 2. HP: 15/24 MP: 2/2
   213 | D:1      | Quit the game

Illustrated notes

Levels and vault maps discovered:
D:1:      wheals_arrival_linesprint, layout_basic

Skill      XL: |  1 |
---------------+----+-----
Armour         | 2 |  2.0
Dodging        | 2 |  2.0
Fighting       | |  3.1
Axes           | |  2.8

Action                   || total
-------------------------++-------
Melee: Hand axe          ||    13
Armor: Animal skin       ||     2
Dodge: Dodged            ||    14

Table legend: (Time is in decaauts)
 A = Elapsed time spent in this place.
 B = Non-inter-level travel time spent in this place.
 C = Inter-level travel time spent in this place.
 D = Time resting spent in this place.
 E = Time spent auto-exploring this place.
 F = Levels seen in this place.
 G = Mean time per level.
                   A        B        C        D        E       F      G
               +--------+--------+--------+--------+--------+-----+--------+
         Total |    214 |    214 |      0 |      0 |    189 |   1 |  214.0 |
       Dungeon |    214 |    214 |      0 |      0 |    189 |   1 |  214.0 |
               +--------+--------+--------+--------+--------+-----+--------+

Top non-repeatable levels by time:
     D:1: 214 daAuts
